 Dungeon Crawl Stone Soup version 0.31-a0-460-g9e667d4245 (webtiles) character file.

Game seed: 7842611919462773560

394 MisterAzrael the Changeling (level 6, -3/41 HPs)
             Began as an Octopode Shapeshifter on Aug 4, 2023.
             Slain by a killer bee (8 damage)
             ... on level 3 of the Dungeon.
             The game lasted 00:04:10 (2522 turns).

MisterAzrael the Changeling (Octopode Shapeshifter) Turns: 2522, Time: 00:04:10

Health: -3/41      AC:  1    Str: 14    XL:     6   Next: 81%
Magic:  9/9        EV: 14    Int: 18    God:
Gold:   195        SH:  0    Dex: 13    Spells: 9/9 levels left

rFire   . .          .
                       - Unarmed
rCold   . . .        (no shield)
rNeg    . . .        (helmet currently unavailable)
rPois   .            p - amulet of magic regeneration
rElec   .            d - +6 ring of intelligence
rCorr   .            (no ring)
SInv    .            (no ring)
Will    .....        (no ring)
Stlth   ++           (no ring)
HPRegen 0.26/turn    (no ring)
MPRegen 0.51/turn    (no ring)
                     (no ring)

%: no passive effects
@: beast-form
A: beast (slay +3), almost no armour, amphibious, 8 rings, camouflage 1,
gelatinous body 1, (nimble swimmer 1), tentacles
a: Begin Untransformation


You were on level 3 of the Dungeon.
You were a hulking beast.
You visited 1 branch of the dungeon, and saw 3 of its levels.

You collected 195 gold pieces.

Inventory:

Jewellery
 d - a +6 ring of intelligence (left tentacle)
 p - an amulet of magic regeneration (around mantle)
Talismans
 b - a beast talisman (active)
Wands
 a - a wand of flame (9)
 q - a wand of polymorph (8) (quivered)
Scrolls
 f - 3 scrolls of torment {unknown}
 g - a scroll of fear {unknown}
 j - a scroll of enchant weapon {unknown}
 k - a scroll of brand weapon {unknown}
 l - a scroll of poison {unknown}
 n - 2 scrolls of identify {unknown}
 r - a scroll of immolation {unknown}
 u - a scroll of enchant armour {unknown}
 v - a scroll of amnesia {unknown}
Potions
 c - 2 potions of heal wounds
 e - a potion of might {unknown}
 h - 2 potions of haste {unknown}
 i - a potion of magic {unknown}
 m - a potion of brilliance {unknown}
 o - a potion of berserk rage {unknown}
 s - a potion of curing {unknown}
 t - a potion of mutation {unknown}


   Skills:
 + Level 2.8 Fighting
 + Level 3.4 Dodging
 + Level 4.0 Unarmed Combat
 + Level 2.0 Spellcasting
 * Level 4.4 Shapeshifting


You had 9 spell levels left.
You didn't know any spells.
Your spell library contained the following spells:

 Spells                   Type           Power      Damage    Failure   Level
 Apportation              Tloc           2%         N/A       19%         1
 Necrotise                Necr           4%         1d4       19%         1
 Summon Small Mammal      Summ           4%         N/A       19%         1
 Lesser Beckoning         Tloc           2%         N/A       26%         2
 Dazzling Flash           Conj/Hex       2%         N/A       47%         3
 Gell's Gravitas          Tloc           1%         N/A       47%         3
 Teleport Other           Tloc           1%         N/A       47%         3
 Agony                    Necr           1%         N/A       99%         5
 Silence                  Hex/Air        0%         N/A       99%         5


Dungeon Overview and Level Annotations

Branches:
Dungeon (3/15)

Altars:
Elyvilon

Shops:
D:1 ?

Annotations:
D:2 1 runed translucent door, Crazy Yiuf


Innate Abilities, Weirdness & Mutations

You are a hulking beast.
Your limbs bulge with bestial killing power. (Slay +3)
You cannot wear most types of armour.
You are amphibious.
You can wear up to eight rings at the same time.
Your skin changes colour to match your surroundings (Stealth+).
Your rubbery body absorbs attacks. (AC +1, EV +1)
((You are camouflaged when in or above water. (Stealth+)))
You have tentacles for arms and can constrict up to eight enemies at once.


Message History

The orc is almost dead.
The orc hits you with a +0 dagger.
You tentacle-slap the orc.
You kill the orc!
Your Spellcasting skill increases to level 2!
The orc hits you from afar with a +0 trident!
You see here a giant cockroach corpse.
You bludgeon the orc!
You kill the orc!
The orc hits you from afar with a +0 trident.
You are too injured to fight recklessly!
Aiming: Polymorph
Press: ? - help, Q - select action, (/) - cycle Shift-Dir - straight line, f - orc priest
Aim: an orc priest, wielding a +0 club (will become a hound, a killer bee, or a dart slug, chance to affect: 49%)
The orc priest evaporates and reforms as a killer bee!
The orc closely misses you.
Found a stone staircase leading down.
The killer bee closely misses you.
Things that are here:
a +0 dagger; an orc corpse The killer bee closely misses you.
The orc hits you from afar with a +0 trident!
You tentacle-slap the killer bee. Your grab misses the killer bee.
Your tentacle-slap misses the killer bee.
Your squeeze misses the killer bee.
The killer bee is heavily wounded.
The killer bee barely misses you.
The orc hits you from afar with a +0 trident.
* * * LOW HITPOINT WARNING * * *
The killer bee misses you.
A worm comes into view.
You miss the killer bee. Your grab misses the killer bee.
The killer bee is heavily wounded.
The killer bee closely misses you. Something hits you.
* * * LOW HITPOINT WARNING * * *
The orc closely misses you. The killer bee closely misses you.
You miss the killer bee. Your grab misses the killer bee.
You squeeze the killer bee.
The killer bee is severely wounded.
The killer bee stings you!
You die...

.....#### #> ...#
.......# #w. ...# #....#
#..# #...# #...)#
#...###### #...# #...)'
.........# #...# .#....#
.........###...#. .#....#
.........'.#...#...#....#
.......yh#.....#...#....#
......)†{##....#...#....#
......og.##....'...##)###
..$.)....###...#...##†#
.>.......# #...# #<.†.#
.........###...###...##
...../...#............#
.........#............#
.........#............+


You could see a worm, a killer bee, an orc and a goblin.

Vanquished Creatures
  Sigmund (D:2)
  Natasha (thrice) (D:2)
  Robin (D:2)
  3 gnolls (D:3)
  2 adders
  2 worms (D:2)
  2 dart slugs
  4 orcs (D:3)
  4 ball pythons
  5 bats
  3 endoplasms
  4 giant cockroaches
  12 goblins
  14 hobgoblins
  4 jackals (D:3)
  5 quokkas
  4 frilled lizards
  9 kobolds
  3 rats
85 creatures vanquished.

Notes
Turn   | Place    | Note
-------+----------+-------------------------------------------
     0 | D:1      | MisterAzrael the Octopode Shapeshifter began the quest for
                  | the Orb.
     0 | D:1      | Reached XP level 1. HP: 13/13 MP: 1/1
   116 | D:1      | Reached XP level 2. HP: 17/18 MP: 2/2
   506 | D:1      | Reached XP level 3. HP: 23/23 MP: 3/3
   856 | D:1      | Found Woriod's Magic Scroll Emporium.
  1322 | D:2      | Noticed Natasha
  1327 | D:2      | Killed Natasha
  1328 | D:2      | Reached XP level 4. HP: 18/29 MP: 3/5
  1420 | D:2      | Reached skill level 1 in Spellcasting
  1441 | D:2      | Noticed Sigmund
  1460 | D:2      | Killed Sigmund
  1461 | D:2      | Reached XP level 5. HP: 13/35 MP: 5/7
  1461 | D:2      | Reached XP level 6. HP: 16/41 MP: 5/8
  1606 | D:2      | Noticed Robin
  1641 | D:2      | Killed Robin
  1734 | D:2      | Noticed Natasha
  1738 | D:2      | Killed Natasha
  1864 | D:2      | Noticed Natasha
  1880 | D:2      | Killed Natasha
  1966 | D:2      | Found a runed translucent door.
  1967 | D:2      | Noticed Crazy Yiuf
  2491 | D:3      | Found a white marble altar of Elyvilon.
  2522 | D:3      | Slain by a killer bee

Illustrated notes

Levels and vault maps discovered:
D:1:      dpeg_arrival_morbid_curiosity, layout_basic, serial_shops,
          nicolae_shop_rolled_up
D:2:      layout_rooms, minmay_close_crescents, uniq_natasha,
          uniq_crazy_yiuf_cottage, uniq_sigmund, uniq_robin
D:3:      layout_basic, overflow_temple_1_default

Skill      XL: |  1  2  3  4  5  6 |
---------------+-------------------+-----
Spellcasting   | 1 2 |  2.0
Fighting       | 2 |  2.8
Dodging        | 3 |  3.4
Shapeshifting  | 4 |  4.4
Unarmed Combat | 4 |  4.0

Action                     |  1- 3 |  4- 6 || total
---------------------------+-------+-------++-------
  Melee: Unarmed           |    59 |   104 ||   163
         Constrict         |    18 |    21 ||    39
         Tentacles         |    10 |    21 ||    31
         Punch             |     2 |     3 ||     5
  Evoke: Wand              |       |     2 ||     2
    Use: Potion            |       |     2 ||     2
   Stab: Sleeping          |    14 |     2 ||    16
 Armour: Skin              |     2 |    20 ||    22
  Dodge: Dodged            |    18 |    63 ||    81

Table legend: (Time is in decaauts)
 A = Elapsed time spent in this place.
 B = Non-inter-level travel time spent in this place.
 C = Inter-level travel time spent in this place.
 D = Time resting spent in this place.
 E = Time spent auto-exploring this place.
 F = Levels seen in this place.
 G = Mean time per level.
                   A        B        C        D        E       F      G
               +--------+--------+--------+--------+--------+-----+--------+
         Total |   2510 |   2434 |     76 |    239 |   1708 |   3 |  836.7 |
       Dungeon |   2510 |   2434 |     76 |    239 |   1708 |   3 |  836.7 |
               +--------+--------+--------+--------+--------+-----+--------+

Top non-repeatable levels by time:
     D:2: 1145 daAuts
     D:1: 981 daAuts
     D:3: 383 daAuts
